 Dungeon Crawl Stone Soup version 0.19.0 (webtiles) character file.

84 Danakh the Skirmisher (level 4, -1/35 HPs)
             Began as a Demonspawn Fighter on Nov 5, 2016.
             Slain by a gnoll
             ... wielding a +0 halberd
              (11 damage)
             ... on level 3 of the Dungeon.
             The game lasted 00:03:45 (1732 turns).

Danakh the Skirmisher (Demonspawn Fighter)          Turns: 1732, Time: 00:03:47

Health: -1/35      AC:  8    Str: 17    XL:     4   Next: 24%
Magic:  4/4        EV:  7    Int:  9    God:
Gold:   111        SH:  9    Dex: 13    Spells: 0 memorised, 3 levels left

rFire  . . .     SeeInvis .     a - +0 war axe
rCold  . . .     Gourm    .     b - +0 scale mail
rNeg   . . .     Faith    .     c - +0 shield
rPois  .         Spirit   .     (helmet restricted)
rElec  .         Reflect  .     (no cloak)
rCorr  .         Harm     .     (no gloves)
MR     .....                    (no boots)
Stlth  ..........               (no amulet)
                                (no ring)
                                (no ring)

@: no status effects
A: antennae 1, icy blue scales 1
a: no special abilities


You were on level 3 of the Dungeon.
You were very hungry.

You visited 1 branch of the dungeon, and saw 3 of its levels.

You collected 111 gold pieces.

Inventory:

Hand Weapons
 a - a +0 war axe (weapon)
Armour
 b - a +0 scale mail (worn)
 c - a +0 shield (worn)
Jewellery
 h - an uncursed amulet of harm {unknown}
Scrolls
 i - 3 scrolls of identify {unknown}
 l - a scroll of enchant weapon {unknown}
 n - a scroll of recharging {unknown}
 o - a scroll of remove curse {unknown}
 q - a scroll of teleportation {unknown}
 r - a scroll of fog {unknown}
 t - a scroll of enchant armour {unknown}
 u - 2 scrolls of amnesia {unknown}
 v - a scroll of noise {unknown}
Potions
 d - a potion of might
 e - 2 potions of curing {unknown}
 j - 2 potions of lignification {unknown}
 k - a potion of heal wounds {unknown}
 m - a potion of agility {unknown}
 w - a potion of brilliance {unknown}
Comestibles
 f - a bread ration
 g - a meat ration
 p - a royal jelly
 s - a beef jerky


   Skills:
 + Level 3.3 Fighting
 * Level 2.8 Axes
 + Level 3.3 Armour
 + Level 3.1 Shields


You had 3 spell levels left.
You didn't know any spells.

Dungeon Overview and Level Annotations

Branches:
Dungeon (3/15)

Altars:


Innate Abilities, Weirdness & Mutations

You have a pair of small antennae on your head.
You are partially covered in icy blue scales. (AC +2)


Message History

You closely miss the gnoll.
The gnoll is lightly wounded.
You slash the gnoll!
The gnoll hits you from afar with a halberd!
The gnoll hits you but does no damage. x2
You closely miss the gnoll.
The gnoll is severely wounded.
You barely miss the gnoll. You block the gnoll's attack. x3
You hit the gnoll.
You kill the gnoll!
You barely miss the gnoll. The gnoll completely misses you.
The gnoll hits you with a flail.
Unknown command.
Your shield and scale mail prevent you from hitting the gnoll.
The gnoll is lightly wounded.
The gnoll hits you from afar with a halberd.
* * * LOW HITPOINT WARNING * * *
You block the gnoll's attack.
The gnoll hits you from afar with a halberd!
You die...

. #. # #.## ..
...
...##.###### #
........$..# .#
.......g...##.#
.....g)@......#
...##.####....#
# #....#
###....#
#......#
#.######
#.#....#
##.#.##.#
#...<...#


You could see 2 gnolls.

Vanquished Creatures
  A gnoll (D:3)
  An adder (D:2)
  A worm (D:2)
  3 dart slugs (D:1)
  A leopard gecko (D:1)
  3 giant cockroaches
  10 goblins
  6 hobgoblins
  4 jackals (D:2)
  A ball python (D:1)
  6 bats
  2 frilled lizards
  8 kobolds
  5 rats
52 creatures vanquished.

Notes
Turn   | Place    | Note
-------+----------+-------------------------------------------
     0 | D:1      | Danakh the Demonspawn Fighter began the quest for the Orb.
     0 | D:1      | Reached XP level 1. HP: 18/18 MP: 1/1
   113 | D:1      | Gained mutation: You have a pair of small antennae on your head. [demonic ancestry]
   113 | D:1      | Reached XP level 2. HP: 16/24 MP: 2/2
   365 | D:1      | You fall through a shaft!
   481 | D:1      | Reached XP level 3. HP: 29/29 MP: 3/3
  1247 | D:2      | Gained mutation: You are partially covered in icy blue scales. (AC +2) [demonic ancestry]
  1247 | D:2      | Reached XP level 4. HP: 22/35 MP: 4/4
  1732 | D:3      | Slain by a gnoll

Skill      XL: |  1  2 |
---------------+-------+-----
Axes           | 2 |  2.8
Armour         | 3 |  3.3
Shields        | 3 |  3.1
Fighting       | |  3.3

Action                   |  1- 3 |  4- 6 || total
-------------------------+-------+-------++-------
Melee: War axe           |   152 |    28 ||   180
  Eat: Chunk             |     1 |     1 ||     2
Armor: Scale mail        |    73 |    10 ||    83
Dodge: Dodged            |    45 |    10 ||    55
Block: Shield            |    89 |    15 ||   104
